 Dungeon Crawl Stone Soup version 0.29.0-11-gd7f09526c8 (webtiles) character file.

Game seed: 6492235463989542310

1400 Drevant2 the Nimble (level 8, -4/56 HPs)
             Began as a Merfolk Gladiator on Sept 2, 2022.
             Was a Follower of Okawaru.
             Slain by a wyvern (15 damage)
             ... on level 7 of the Dungeon.
             The game lasted 00:14:48 (7161 turns).

Drevant2 the Nimble (Merfolk Gladiator)             Turns: 7161, Time: 00:14:49

Health: -4/56      AC:  6    Str: 23    XL:     8   Next: 69%
Magic:  0/8        EV: 22    Int:  5    God:    Okawaru [*.....]
Gold:   176        SH:  0    Dex: 27    Spells: 7/7 levels left

rFire   . . .      SeeInvis .   a - +0 trident
rCold   . . .      Faith    .   (no shield)
rNeg    . . .      Spirit   +   b - +0 leather armour
rPois   .          Reflect  .   c - +0 helmet
rElec   .          Harm     .   (no cloak)
rCorr   .          Rampage  .   (no gloves)
Will    .....                   u - +1 pair of boots
Stlth   ++........              h - amulet of guardian spirit
HPRegen 0.18/turn               i - +6 ring of dexterity
MPRegen 0.11/turn               d - +6 ring of strength

@: unable to read
A: (nimble swimmer 2), mertail, agile 1, strong 1, inability to read after
injury 1
a: Renounce Religion, Heroism


You were on level 7 of the Dungeon.
You worshipped Okawaru.
Okawaru was aware of your devotion.
You visited 2 branches of the dungeon, and saw 8 of its levels.

You collected 176 gold pieces.

Inventory:

Hand Weapons
 a - a +0 trident (weapon)
Armour
 b - a +0 leather armour (worn)
 c - a +0 helmet (worn)
 u - a +1 pair of boots (worn)
 y - a +1 robe of fire resistance
Jewellery
 d - a +6 ring of strength (right hand)
 h - an amulet of guardian spirit (around neck)
 i - a +6 ring of dexterity (left hand)
Wands
 q - a wand of polymorph (8)
 v - a wand of roots (8)
Scrolls
 g - 3 scrolls of magic mapping
 l - a scroll of enchant weapon {unknown}
 o - 2 scrolls of fog {unknown}
 p - a scroll of poison {unknown}
 r - a scroll of immolation {unknown}
 w - 2 scrolls of blinking {unknown}
 x - 2 scrolls of teleportation {unknown}
Potions
 f - 2 potions of ambrosia
 j - 2 potions of attraction
 k - a potion of mutation
 m - 3 potions of brilliance
 n - a potion of heal wounds
 s - a potion of haste
 t - a potion of might
 z - a potion of flight {unknown}


   Skills:
 - Level 2.2 Fighting
 - Level 10.0 Polearms
 - Level 2.0 Throwing
 + Level 10.7 Dodging


You had 7 spell levels left.
You didn't know any spells.
Your spell library contained the following spells:

 Spells                   Type           Power      Damage    Failure   Level
 Magic Dart               Conj           0%         1d3       52%         1
 Searing Ray              Conj           0%         2d4       67%         2
 Ignite Poison            Fire/Tmut/Pois 0%         N/A       88%         3
 Mephitic Cloud           Conj/Pois/Air  0%         N/A       88%         3
 Portal Projectile        Hex/Tloc       0%         N/A       88%         3
 Fulminant Prism          Conj/Hex       0%         3d6       99%         4
 Leda's Liquefaction      Hex/Erth       0%         N/A       99%         4
 Freezing Cloud           Conj/Ice/Air   0%         6-21      100%        5
 Call Canine Familiar     Summ           Unusable   N/A       N/A         3

Dungeon Overview and Level Annotations

Branches:
Dungeon (7/15)             Temple (1/1) D:5

Altars:
Cheibriados
Dithmenos
Elyvilon
Fedhas
Gozag
Hepliaklqana
Makhleb
Nemelex Xobeh
Okawaru
Qazlal
Ru
Sif Muna
Trog
Uskayaw
Vehumet
Wu Jian
Xom
Zin
The Shining One


Innate Abilities, Weirdness & Mutations

((You are very nimble when in or above water. (Stealth+, EV+, Speed+++)))
Your lower body shifts to a powerful aquatic tail in water.
You are agile. (Dex +4, Str/Int -1)
Your muscles are strong. (Str +4, Int/Dex -1)
You occasionally lose the ability to read scrolls when taking damage.


Message History

You start resting.
Magic restored.
You start resting.
HP restored.
Found a scale mail.
A wyvern comes into view.
The wyvern hisses angrily.
Throw: javelin
Press: ? - help, Q - select action, (/) - cycle Shift-Dir - straight line, f - wyvern
Aim: a wyvern (67% to hit)
You throw a javelin. The javelin pierces through the wyvern!
The wyvern is moderately wounded.
The wyvern completely misses you.
You hit the wyvern but do no damage.
The wyvern is moderately wounded.
The wyvern closely misses you. The wyvern bites you!
You hit the wyvern.
The wyvern is moderately wounded.
The wyvern bites you!
You hit the wyvern.
The wyvern is heavily wounded.
The wyvern misses you.
You hit the wyvern but do no damage.
The wyvern is heavily wounded.
The wyvern completely misses you.
You closely miss the wyvern.
The wyvern is heavily wounded.
The wyvern bites you but does no damage.
You hit the wyvern but do no damage.
The wyvern is heavily wounded.
The wyvern bites you! x2
You feel threatened and lose the ability to read scrolls!
* * * LOW HITPOINT WARNING * * *
You completely miss the wyvern.
The wyvern is heavily wounded.
The wyvern barely misses you.
You hit the wyvern but do no damage.
The wyvern is heavily wounded.
The wyvern bites you!
You die...

###########.# #.# #.# ###### .
#.# ..#... .. #.# #.#... ...#
### #.# #.#### ..... #.#
########.# #.#...
...[..###.###.....##.#####.#.#.
.......(.....l@...'..).........
...######.###.....##.#####.####
#.# #.....##(....#.# #. #.#
#.....######.#.###.
#.###.....[...##.#.....
#.......).....##.#####.
#####.........##.# ##.
######.....######.####..
#..........# #.......


You could see a wyvern.

Vanquished Creatures
  Grinder (D:3)
  Menkaure (D:4)
  An ice beast (D:4)
  2 black bears
  A phantom (D:4)
  Blork the orc (D:4)
  2 scorpions (D:5)
  3 wights (D:7)
  A howler monkey (D:7)
  2 orc priests (D:4)
  4 iguanas
  An orc wizard (D:6)
  2 adders
  4 gnolls (D:5)
  A shadow imp (D:5)
  A worm (D:2)
  16 orcs
  6 endoplasms
  4 giant cockroaches
  7 goblins
  8 hobgoblins
  8 jackals
  6 kobolds
  5 quokkas
  6 ball pythons
  9 bats
  4 frilled lizards
  7 rats
  A spectral goblin (D:5)
115 creatures vanquished.

Notes
Turn   | Place    | Note
-------+----------+-------------------------------------------
     0 | D:1      | Drevant2 the Merfolk Gladiator began the quest for the Orb.
     0 | D:1      | Reached XP level 1. HP: 16/16 MP: 1/1
   195 | D:1      | Reached XP level 2. HP: 22/22 MP: 2/2
   536 | D:1      | Reached skill level 5 in Polearms
   703 | D:1      | Reached XP level 3. HP: 25/27 MP: 3/3
  1857 | D:2      | Found a faded altar of an unknown god.
  2152 | D:3      | Reached XP level 4. HP: 29/33 MP: 2/4
  2242 | D:3      | Found a white marble altar of Elyvilon.
  2288 | D:3      | Noticed Grinder
  2308 | D:3      | Gained mutation: Your muscles are strong. (Str +4, Int/Dex
                  | -1) [potion of mutation]
  2308 | D:3      | Gained mutation: You are agile. (Dex +4, Str/Int -1)
                  | [potion of mutation]
  2308 | D:3      | Gained mutation: You occasionally lose the ability to read
                  | scrolls when taking damage. [potion of mutation]
  2308 | D:3      | Paralysed by Grinder for 4 turns
  2319 | D:3      | Killed Grinder
  2320 | D:3      | Reached XP level 5. HP: 37/38 MP: 3/5
  2320 | D:3      | Reached XP level 6. HP: 43/44 MP: 3/6
  2357 | D:3      | Found a hide-covered altar of Uskayaw.
  3003 | D:4      | Noticed a black bear
  3116 | D:4      | Noticed Blork the orc
  3144 | D:4      | Noticed an ice beast
  3208 | D:4      | Noticed Menkaure
  3716 | D:4      | Killed a black bear
  3861 | D:4      | Reached skill level 10 in Polearms
  3861 | D:4      | Reached XP level 7. HP: 39/50 MP: 7/7
  3985 | D:4      | You fall into a shaft and drop 1 floor!
  3985 | D:5      | Entered Level 5 of the Dungeon
  4092 | D:5      | Found a hazy altar of Hepliaklqana.
  4229 | D:5      | Reached skill level 5 in Dodging
  4726 | D:5      | Found a staircase to the Ecumenical Temple.
  4741 | Temple   | Entered the Ecumenical Temple
  4883 | Temple   | Became a worshipper of Warmaster Okawaru
  5318 | D:6      | Noticed a yak
  5318 | D:6      | Noticed a yak
  5349 | D:5      | Noticed a hornet
  5469 | D:4      | Killed Blork the orc
  5740 | D:4      | Reached XP level 8. HP: 56/56 MP: 8/8
  6491 | D:6      | Noticed a yak
  6491 | D:6      | Noticed a yak
  6534 | D:4      | Killed Menkaure
  6698 | D:6      | Found a sacrificial altar of Ru.
  6770 | D:6      | Reached * piety under Okawaru
  6797 | D:7      | Reached skill level 10 in Dodging
  7145 | D:7      | Noticed a wyvern
  7161 | D:7      | Slain by a wyvern

Illustrated notes

Levels and vault maps discovered:
D:1:      erik_arrival_orb_chamber, layout_basic
D:2:      layout_loops_ring, chequers_ecumenical_altar_twisty
D:3:      layout_basic, elyvilon_altar_4,
          nicolae_uskayaw_murder_on_the_dancefloor, mrwooster_statue_mirror,
          uniq_grinder
D:4:      layout_layer_cave, uniq_menkaure, uniq_blork_the_orc
D:5:      layout_loops_corners, nicolae_hepliaklqana_monster_ancestors,
          temple_pool_b
D:6:      layout_cave_pools, ashenzari_altar_1,
          nicolae_ru_great_annihilating_truth
D:7:      layout_basic, lemuel_mausoleum_altar_yredelemnul, serial_shops,
          nicolae_shop_bloodbath_and_beyond
Temple:   regret_index_temple_waves

Skill      XL: |  1  2  3  4  5  6  7  8 |
---------------+-------------------------+-----
Polearms       | 5 6 8 10 | 10.0
Dodging        | 8 10 | 10.7
Fighting       | |  2.2
Throwing       | |  2.0

Action                   |  1- 3 |  4- 6 |  7- 9 || total
-------------------------+-------+-------+-------++-------
Melee: Trident           |   140 |    89 |   223 ||   452
       Punch             |     1 |     1 |     4 ||     6
Throw: Throwing net      |       |     4 |       ||     4
       Javelin           |       |     1 |     3 ||     4
  Use: Potion            |       |     3 |       ||     3
       Scroll            |       |     2 |     3 ||     5
 Stab: Sleeping          |     5 |     4 |     1 ||    10
       Held in net/web   |       |     4 |       ||     4
       Paralysed         |       |       |     2 ||     2
       Distracted        |       |       |     1 ||     1
Armor: Leather armour    |    20 |    13 |    19 ||    52
Dodge: Dodged            |    90 |    42 |   119 ||   251
